cohdb
Replays
Latest Replays
All Replays
Popular Replays
Top Player Replays
Match Explorer
How It Works
Community
CoH3 Stats
Reddit
Sign in to upload your games and track your stats! →
Sign in with Steam
Match 42885793
Unlisted
Match 42885793
Overview
Messages
Build Orders
End
Vickers Machine Gun Team
Construct Section Command Post
Infantry Section
Dingo Light Scout Car
Infantry Section
Infantry Section
Construct Platoon Command Post
Selects Heavy Armor Battlegroup
Selects Rigorous Vehicle Training
Selects Forward Repair Assembly
Construct Field Infirmary
Unlock M3 Stuart Light Tanks
M3 Stuart Light Tank
M3 Stuart Light Tank
Unlock Bishop Self-propelled Artillery
Selects Light Vehicle Withdraw and Refit
Selects Radio Net
Light Vehicle Withdraw and Refit
6-pounder Anti-tank Gun Team
Construct Company Command Post
Selects Recon Artillery
Recon Artillery
Matilda II Heavy Tank
Recon Artillery
Vickers Machine Gun Team
Recon Artillery
Recon Artillery
Infantry Section
Foot Guards Section
Royal Engineer Section
ßoo
Casual Crusader
The Cucumber Smuggler
Funk
ArguS
Arkymendes
MataMOsca
Rodrigo Ragagnin
0
0
Comments
sign in to comment!
No comments posted yet!